 Dungeon Crawl Stone Soup version 0.28-a0-1429-gf3d713df7a (webtiles) character file.

Game seed: 16921995623692980649

6663 HallandMoats the Fighter (level 10, -1/108 HPs)
             Began as a Demonspawn Fighter on Jan 9, 2022.
             Was an Elder of Hepliaklqana.
             Slain by a freezing wraith (22 damage)
             ... on level 8 of the Dungeon.
             The game lasted 00:13:41 (8875 turns).

HallandMoats the Fighter (Demonspawn Fighter)       Turns: 8875, Time: 00:13:43

Health: -1/108     AC: 25    Str: 16 (19) XL:     10   Next: 73%
Magic:  10/10      EV:  2    Int:  9 (12) God:    Hepliaklqana [****..]
Gold:   396        SH:  6    Dex: 15 (17) Spells: 9/9 levels left

rFire   + . .      SeeInvis +   a - +0 war axe
rCold   . . .      Faith    .   c - +0 buckler
rNeg    . . .      Spirit   .   (armour currently unavailable)
rPois   +          Reflect  .   (helmet currently unavailable)
rElec   .          Harm     .   (cloak currently unavailable)
rCorr   .          Rampage  .   (gloves currently unavailable)
Will    .....      NoTele   +   (boots currently unavailable)
Stlth   +.........              C - amulet "Tanel" {Fragile rF+ Regen+ Int+3 SInv}
HPRegen 1.08/turn               (no ring)
MPRegen 0.12/turn               (no ring)

@: agile, tree-form, attractive, hasted and slowed
A: stationary, stasis, torment immunity, boosted hp, reduced essence, (horns 2),
foul stench 2, powered by pain 1, (sharp scales 1), see invisible, agile 1,
(electricity resistance), subdued magic 1
a: Renounce Religion, Recall Ancestor, Ancestor Identity, Transference, Idealise


You were on level 8 of the Dungeon.
You worshipped Hepliaklqana.
Hepliaklqana was greatly pleased with you.
You were a tree.
You visited 1 branch of the dungeon, and saw 8 of its levels.

You collected 563 gold pieces.
You spent 167 gold pieces at shops.

Inventory:

Hand Weapons
 a - a +0 war axe (weapon)
 b - a +3 flail of draining
Armour
 c - a +0 buckler (worn)
 o - a +0 pair of gloves (melded)
 x - a +2 ring mail of poison resistance (melded)
Jewellery
 i - a ring of wizardry
 l - a ring of ice
 C - the amulet "Tanel" (around neck) {Fragile rF+ Regen+ Int+3 SInv}
   (You bought it in a shop on level 7 of the Dungeon)

   [amulet of regeneration]

   Int:       It affects your intelligence (+3).
   rF:        It protects you from fire.
   SInv:      It lets you see invisible.
   Regen:     It increases your rate of health regeneration.
   Fragile:   It will be destroyed if unequipped.
 F - an amulet of reflection
Wands
 t - a wand of mindburst (15)
 y - a wand of flame (18)
 B - a wand of paralysis (5)
Scrolls
 d - a scroll of enchant weapon
 h - a scroll of fog
 n - 2 scrolls of fear
 r - 4 scrolls of teleportation
 s - 7 scrolls of identify
 u - a scroll of immolation
 v - 2 scrolls of acquirement
Potions
 g - a potion of flight
 j - 5 potions of curing
 p - a potion of magic
 E - a potion of degeneration


   Skills:
 + Level 8.0 Fighting
 + Level 6.9 Axes
 + Level 7.2 Armour
 + Level 6.7 Dodging
 + Level 7.2 Shields


You had 9 spell levels left.
You didn't know any spells.
Your spell library contained the following spells:

 Spells                   Type           Power      Damage    Failure   Level
 Beastly Appendage        Tmut           0%         N/A       41%         1
 Blink                    Tloc           0%         N/A       54%         2
 Ensorcelled Hibernation  Hex/Ice        0%         N/A       54%         2
 Sublimation of Blood     Necr           0%         N/A       54%         2
 Wereblood                Tmut           0%         N/A       54%         2
 Call Canine Familiar     Summ           0%         N/A       80%         3
 Portal Projectile        Hex/Tloc       0%         N/A       80%         3
 Spider Form              Tmut/Pois      0%         N/A       80%         3
 Tukima's Dance           Hex            0%         N/A       80%         3
 Animate Armour           Summ/Erth      0%         N/A       99%         4
 Leda's Liquefaction      Hex/Erth       0%         N/A       99%         4
 Petrify                  Tmut/Erth      0%         N/A       99%         4
 Blade Hands              Tmut           0%         N/A       100%        5
 Irradiate                Conj/Tmut      0%         3d14      100%        5
 Manifold Assault         Tloc           0%         N/A       100%        5
 Iron Shot                Conj/Erth      0%         9d1       100%        6
 Enfeeble                 Hex            0%         N/A       100%        7
 Storm Form               Tmut/Air       0%         N/A       100%        7


Dungeon Overview and Level Annotations

Branches:
Dungeon (8/15)             Temple (0/1) D:7
   Lair: D:8-11

Altars:
Elyvilon
Gozag
Hepliaklqana
Sif Muna
Beogh

Shops:
D:4 !   D:5 *   D:7 !***(

Annotations:
D:3 3 runed translucent doors, bobojojo's ghost, amateur MiFi


Innate Abilities, Weirdness & Mutations

You are a tree.
Your roots penetrate the ground, keeping you stationary.
You cannot be teleported.
You are immune to unholy pain and torment.
Your maximum health is greatly increased.
Your equipment is partially melded.
Your life essence is reduced to manifest your ancestor. (-10% HP)
((You have a pair of horns on your head.))
You sometimes emit foul miasma when damaged in melee.
You sometimes gain a little power by taking damage.
((You are partially covered in razor-sharp scales. (AC +1, Slay +1)))
You have supernaturally acute eyesight. (SInv)
You are agile. (Dex +2)
((You are resistant to electric shocks. (rElec)))
Your spells are a little easier to cast, but a little less powerful.


Message History

You feel very buoyant.
You fly up into the air.
The freezing wraith misses you. x2
It was a potion of lignification.
You turn into a tree.
Your +0 pair of gloves melds into your body.
Your +2 ring mail of poison resistance melds into your body.
You no longer feel resistant to poison.
Your roots penetrate the ground.
You closely miss the freezing wraith.
The freezing wraith is lightly damaged.
The freezing wraith hits you.
* * * LOW HITPOINT WARNING * * *
The freezing wraith freezes you!!
* * * LOW HITPOINT WARNING * * *
The freezing wraith hits you but does no damage.
a - a +0 war axe (weapon)
You feel much better. You block the freezing wraith's attack.
The freezing wraith hits you but does no damage.
You feel much better. You block the freezing wraith's attack.
The freezing wraith hits you! The freezing wraith drains your vigour!
You feel yourself slow down.
You emit a cloud of foul miasma!
It was a potion of magic.
Magic courses through your body. The freezing wraith hits you!
The freezing wraith freezes you!
* * * LOW HITPOINT WARNING * * *
The freezing wraith hits you.
* * * LOW HITPOINT WARNING * * *
Unknown command.
It was a potion of mutation.
You feel extremely strange.
You feel agile.
Your connection to magic feels subdued.
You feel insulated.
Your vision sharpens.
You block the freezing wraith's attack.
The freezing wraith hits you but does no damage.
It was a potion of attraction.
You feel attractive to monsters.
The freezing wraith hits you but does no damage. x2
It was a potion of degeneration.
There was something very wrong with that liquid.
You feel weakened.
You feel dopey.
You feel clumsy. The freezing wraith hits you.
* * * LOW HITPOINT WARNING * * *
The freezing wraith freezes you!!
You die...

.#♣≈≈≈♣#..>..#≈.≈≈≈##.#
#.# #
...≈≈≈.'..8..'.≈R≈...#
#.######
##♣≈≈≈♣#..<..#♣♣♣W♣##.#
#.......
#.≈≈≈.##♣÷♣##♣.R♣♣
#.######
#.≈≈≈.#.....#♣≈.♣ #.#
#.≈≈≈(#♣...♣#≈♣♣♣ #.#
#.≈≈≈.#.♣.♣.#♣≈P♣♣# #.#
#♣.≈.♣#♣...♣#♣PW≈≈#
#.####
♣♣.♣♣#.....#♣♣♣♣♣#
##...# ## ###♣.♣######
#...# ♣♣..♣.♣ ♣♣..♣
#...# #♣♣♣..♣♣.♣♣♣..♣♣#
#...# #.♣)†♣♣♣.♣♣..♣♣.#
#...# #♣..♣♣♣♣.♣..♣♣.♣#
#...#
###.........)...♣♣
#...#
..########.#######
#...#
#.................
##.##


You could see a freezing wraith.

Vanquished Creatures
  An ugly thing (D:8)
  Prince Ribbit (D:5)
  A vampire (D:8)
  A wraith (D:8)
  2 yaks (D:8)
  2 wyverns (D:8)
  Edmund (D:4)
  Menkaure (D:6)
  2 steam dragons (D:8)
  An acid dragon (D:8)
  2 water moccasins (D:7)
  Duvessa (D:6)
  5 orc warriors (D:8)
  2 black bears
  A sky beast (D:7)
  A necrophage (D:7)
  2 centaurs (D:8)
  A bullfrog (D:8)
  2 gnoll sergeants (D:8)
  3 scorpions
  A wyvern skeleton (D:7)
  Dowan (D:6)
  A wight (D:8)
  A howler monkey (D:6)
  An electric eel (D:8)
  A centaur skeleton (D:7)
  2 orc priests
  An iguana (D:5)
  5 orc wizards
  2 hell rats (D:7)
  3 killer bee zombies
  9 gnolls
  7 adders
  12 river rats (D:7)
  A shadow imp (D:8)
  A white imp (D:7)
  An ufetubus (D:6)
  A worm (D:3)
  6 dart slugs
  26 orcs
  4 ball pythons
  A bat (D:3)
  7 endoplasms
  2 goblins
  2 hobgoblins (D:2)
  6 kobolds
  5 quokkas
  2 frilled lizards
  16 rats
161 creatures vanquished.

Vanquished Creatures (collateral kills)
  A two-headed ogre (D:7)
  Pikel (D:5)
  A cyclops (D:7)
  Sigmund (D:6)
  2 sky beasts
  2 necrophages
  A phantom (D:5)
  A centaur zombie (D:6)
  2 orc wizards
  A howler monkey zombie (D:5)
  An adder (D:3)
  4 gnolls
  2 worms
  8 orcs
  A goblin (D:2)
  A hobgoblin (D:3)
  2 quokkas
32 creatures vanquished.

Vanquished Creatures (others)
  5 hexers
  6 plants (D:8)
11 creatures vanquished.

Grand Total: 204 creatures vanquished

Notes
Turn   | Place    | Note
-------+----------+-------------------------------------------
     0 | D:1      | HallandMoats the Demonspawn Fighter began the quest for the
                  | Orb.
     0 | D:1      | Reached XP level 1. HP: 18/18 MP: 1/1
   202 | D:1      | Gained mutation: You have a pair of small horns on your
                  | head. [demonic ancestry]
   202 | D:1      | Reached XP level 2. HP: 11/24 MP: 2/2
   484 | D:1      | Found a faded altar of an unknown god.
   528 | D:1      | Prayed at the altar of an unknown god.
   528 | D:1      | Became a worshipper of Hepliaklqana the Forgotten
   528 | D:1      | Reached * piety under Hepliaklqana
  1130 | D:1      | You fall into a shaft and drop 1 floor!
  1142 | D:2      | Reached XP level 3. HP: 18/26 MP: 3/3
  1220 | D:2      | Reached skill level 1 in Dodging
  2409 | D:2      | Reached XP level 4. HP: 29/31 MP: 4/4
  2603 | D:3      | Reached ** piety under Hepliaklqana
  2613 | D:3      | Remembered your ancestor Sir Rick Astley as a hexer
  3364 | D:3      | Found a runed translucent gate.
  3364 | D:3      | Found a runed translucent gate.
  3364 | D:3      | Found a runed translucent gate.
  3365 | D:3      | Noticed bobojojo's ghost (amateur MiFi)
  3454 | D:3      | Identified the +7 short sword "Hiehuaxa" {vorpal, Str+4}
  3567 | D:3      | Gained mutation: You may rarely emit foul miasma when
                  | damaged in melee. [demonic ancestry]
  3567 | D:3      | Reached XP level 5. HP: 37/37 MP: 5/5
  3619 | D:4      | Noticed Edmund
  3630 | D:4      | Killed Edmund
  3631 | D:4      | Reached skill level 4 in Fighting
  3720 | D:4      | Reached XP level 6. HP: 31/43 MP: 6/6
  3857 | D:4      | Found a shimmering blue altar of Sif Muna.
  4474 | D:4      | Found Sebenatu's Distillery.
  4477 | D:4      | Bought a potion of curing for 42 gold pieces
  4633 | D:5      | Entered Level 5 of the Dungeon
  4700 | D:5      | Noticed Prince Ribbit
  4719 | D:5      | Killed Prince Ribbit
  4720 | D:5      | Gained mutation: You sometimes emit foul miasma when
                  | damaged in melee. [demonic ancestry]
  4720 | D:5      | Reached XP level 7. HP: 24/49 MP: 7/7
  5190 | D:5      | Noticed Pikel
  5199 | D:5      | Killed Pikel
  5200 | D:5      | Reached skill level 5 in Fighting
  5200 | D:5      | Gained mutation: You are partially covered in razor-sharp
                  | scales. (AC +1, Slay +1) [demonic ancestry]
  5200 | D:5      | Reached XP level 8. HP: 23/55 MP: 8/8
  5392 | D:5      | Reached *** piety under Hepliaklqana
  5839 | D:5      | Found Jaytanto's General Store.
  5855 | D:5      | Reached skill level 5 in Armour
  5855 | D:5      | Reached skill level 5 in Shields
  6054 | D:6      | Noticed Menkaure
  6062 | D:6      | Killed Menkaure
  6084 | D:6      | Noticed Dowan
  6088 | D:6      | Noticed Duvessa
  6093 | D:6      | Killed Duvessa
  6099 | D:6      | Killed Dowan
  6100 | D:6      | Reached skill level 6 in Fighting
  6100 | D:6      | Reached skill level 5 in Axes
  6179 | D:6      | Noticed Sigmund
  6188 | D:6      | Killed Sigmund
  6189 | D:6      | Gained mutation: You have a pair of horns on your head.
                  | [demonic ancestry]
  6189 | D:6      | Reached XP level 9. HP: 53/62 MP: 9/9
  6689 | D:7      | Found Xehoemir's Antique Weapon Shop.
  6742 | D:7      | Noticed a cyclops
  6750 | D:7      | Killed a cyclops
  6751 | D:7      | Reached skill level 5 in Dodging
  7015 | D:7      | Found an opulent altar of Gozag.
  7113 | D:7      | Found Hyxeuw's Assorted Antiques.
  7120 | D:7      | Bought a warped tin amulet for 125 gold pieces
  7120 | D:7      | Identified the amulet "Tanel" {Fragile rF+ Regen+ Int+3
                  | SInv} (You bought it in a shop on level 7 of the Dungeon)
  7126 | D:7      | Found Zuza's General Store.
  7488 | D:7      | Found Gasum's Assorted Antiques.
  7510 | D:7      | Found Mithuf's Distillery.
  7513 | D:7      | Noticed a two-headed ogre
  7525 | D:7      | Killed a two-headed ogre
  7526 | D:7      | Reached skill level 7 in Fighting
  7582 | D:7      | Found a staircase to the Ecumenical Temple.
  7804 | D:8      | Reached **** piety under Hepliaklqana
  7811 | D:8      | Gained mutation: You sometimes gain a little power by
                  | taking damage. [demonic ancestry]
  7811 | D:8      | Reached XP level 10. HP: 53/71 MP: 10/10
  8563 | D:8      | Noticed a cyan ugly thing
  8579 | D:8      | Killed a cyan ugly thing
  8594 | D:8      | Reached skill level 8 in Fighting
  8715 | D:7      | Identified 2 scrolls of acquirement
  8873 | D:8      | Gained mutation: You are agile. (Dex +2) [potion of
                  | mutation]
  8873 | D:8      | Gained mutation: Your spells are a little easier to cast,
                  | but a little less powerful. [potion of mutation]
  8873 | D:8      | Gained mutation: You are resistant to electric shocks.
                  | (rElec) [potion of mutation]
  8873 | D:8      | Gained mutation: You have supernaturally acute eyesight.
                  | (SInv) [potion of mutation]
  8875 | D:8      | Slain by a freezing wraith

Illustrated notes

Levels and vault maps discovered:
D:1:      nzn_arrival_depleted_hourglass, layout_basic,
          shapermc_ecumenical_altar_starsandcircs
D:2:      layout_loops_cross, basic_altar, kennysheep_generic_room_14
D:3:      kb_forest_paths, layout_basic, ebering_ghost_rock_garden
D:4:      layout_rooms, mainiacjoe_overflow_six_doors_small, serial_shops,
          kennysheep_mini, palyth_stone_intersect, uniq_edmund
D:5:      layout_basic, serial_shops, shop_fountains, kennysheep_another_room,
          uniq_pikel, uniq_prince_ribbit1
D:6:      layout_cave_pools, uniq_sigmund, uniq_duvessa, uniq_menkaure
D:7:      lemuel_ratsnest, layout_basic, mainiacjoe_overflow_small_starburst,
          minmay_temple_entry_arrows, serial_shops, nicolae_lakefront_shop,
          shop, nicolae_shop_behind_doors, nicolae_shop_advertising_works
          [nicolae_subvault_shop_adworks], shop
D:8:      nzn_winding_woodlands_stair_cross [nzn_winding_woodlands_5x15_pockets,
          nzn_winding_woodlands_center_diamonds,
          nzn_winding_woodlands_5x15_lazy_stream,
          nzn_winding_woodlands_hourglass, nzn_winding_woodlands_5x5_cross,
          nzn_winding_woodlands_5x15_river_crossing,
          nzn_winding_woodlands_center_lodge,
          nzn_winding_woodlands_5x15_sawtooth], layout_basic, special_room
          [special_room_orc], lemuel_flame_loot_1

Skill      XL: |  1  2  3  4  5  6  7  8  9 10 |
---------------+-------------------------------+-----
Axes           | 2 3 4 5 6 |  6.9
Shields        | 3 4 5 6 7 |  7.2
Dodging        | 1 2 3 4 5 6 |  6.7
Armour         | 3 4 5 6 7 |  7.2
Fighting       | 4 5 6 7 8 |  8.0

Action                   |  1- 3 |  4- 6 |  7- 9 | 10-12 || total
-------------------------+-------+-------+-------+-------++-------
Melee: War axe           |    67 |    54 |       |       ||   121
       Headbutt          |     6 |    12 |    38 |    32 ||    88
       Flail             |       |    39 |   204 |   178 ||   421
Invok: Ancestor Identity |     1 |       |       |       ||     1
       Ancestor Life: He |       |     1 |       |       ||     1
  Use: Potion            |       |     1 |       |    11 ||    12
       Scroll            |       |       |       |    10 ||    10
 Stab: Confused          |       |     2 |       |     2 ||     4
       Distracted        |       |     2 |     1 |       ||     3
Armor: Scale mail        |    28 |    30 |       |       ||    58
       Ring mail         |       |     1 |    60 |    51 ||   112
       Skin              |       |       |       |     5 ||     5
Dodge: Dodged            |    29 |    45 |   110 |   124 ||   308
Block: Buckler           |    20 |    18 |    41 |    50 ||   129

Table legend: (Time is in decaauts)
 A = Elapsed time spent in this place.
 B = Non-inter-level travel time spent in this place.
 C = Inter-level travel time spent in this place.
 D = Time resting spent in this place.
 E = Time spent auto-exploring this place.
 F = Levels seen in this place.
 G = Mean time per level.
                   A        B        C        D        E       F      G
               +--------+--------+--------+--------+--------+-----+--------+
         Total |   9058 |   8739 |    319 |    349 |   6934 |   8 | 1132.2 |
       Dungeon |   9058 |   8739 |    319 |    349 |   6934 |   8 | 1132.2 |
               +--------+--------+--------+--------+--------+-----+--------+

Top non-repeatable levels by time:
     D:1: 1661 daAuts
     D:5: 1324 daAuts
     D:7: 1258 daAuts
     D:8: 1076 daAuts
     D:3: 1062 daAuts
     D:4: 1028 daAuts
     D:2: 942 daAuts
     D:6: 704 daAuts
